[Event "Titled Tuesday Blitz January 03 Late 2023"]
[White "Keller, Peter"]
[Black "Cristobal, Manuel"]
[WhiteFideId "1272105"]
[BlackFideId "112879"]
[WhiteElo "2358"]
[BlackElo "2257"]
[Result "0-1"]
[Round "05"]
[TimeControl "180+2"]
[Date "2023.01.03"]
[WhiteClock "0:00:40"]
[BlackClock "0:01:57"]

1. d4 Nf6 2. Bf4 g6 3. e3 Bg7 4. Nf3 d6 5. h3 O-O 6. c3 Nc6 7. Be2 Nd7 8. Bh2 e5 9. dxe5 Ndxe5 10. Nbd2 f5 11. Nxe5 Nxe5 12. Nf3 Nf7 13. O-O Qe7 14. a4 a5 15. Nd4 Bd7 16. Nb5 Bc6 17. Nd4 Bd5 18. Bf3 Bc4 19. Be2 Bxe2 20. Qxe2 Ne5 21. Nf3 Nd7 22. Qc4+ Qf7 23. Qxc7 Ne5 24. Qxf7+ Nxf7 25. Rfd1 Ra6 26. Rd5 Rb6 27. Rb5 Rxb5 28. axb5 b6 29. Rd1 Rc8 30. Rd5 Kf8 31. Nd4 Bxd4 32. Rxd4 Ke7 33. c4 a4 34. Kf1 Ne5 35. Bxe5 dxe5 36. Rd5 Ke6 37. f4 exf4 38. exf4 Rxc4 39. g3 Kxd5 0-1


[Site "https://www.chess.com"]

[Event "Titled Tuesday Blitz January 03 Late 2023"]
[White "Sos Andreu, Eric"]
[Black "Fernandez Guillen, Ernesto J."]
[WhiteFideId "22247017"]
[BlackFideId "3512428"]
[WhiteElo "2352"]
[BlackElo "2477"]
[Result "0-1"]
[Round "05"]
[TimeControl "180+2"]
[Date "2023.01.03"]
[WhiteClock "0:01:36"]
[BlackClock "0:02:15"]

1. d4 Nf6 2. c4 g6 3. Nc3 Bg7 4. e4 d6 5. Nf3 O-O 6. Be2 e5 7. O-O Nc6 8. d5 Ne7 9. b4 Ne8 10. c5 f5 11. Nd2 h5 12. Nc4 f4 13. a4 Rf7 14. Ba3 Bf8 15. b5 b6 16. c6 Nf6 17. a5 Rb8 18. Bb4 g5 19. Bxh5 Rh7 20. Be2 g4 21. f3 g3 22. h3 Bxh3 23. gxh3 Qc8 24. Rf2 Qxh3 0-1


[Site "https://www.chess.com"]

[Event "Titled Tuesday Blitz January 03 Late 2023"]
[White "Aradhya, Garg"]
[Black "Graham, Nathaniel"]
[WhiteFideId "25006746"]
[BlackFideId "2007983"]
[WhiteElo "2284"]
[BlackElo "2262"]
[Result "1-0"]
[Round "05"]
[TimeControl "180+2"]
[Date "2023.01.03"]
[WhiteClock "0:00:19"]
[BlackClock "0:00:01"]

1. d4 d5 2. c4 c6 3. Nf3 Nf6 4. e3 Bg4 5. Nc3 e6 6. Qb3 Qb6 7. Nh4 Qxb3 8. axb3 Nbd7 9. h3 Bh5 10. g4 Bg6 11. c5 a6 12. b4 Rd8 13. Nxg6 hxg6 14. Bg2 Be7 15. g5 Ng8 16. h4 Rc8 17. e4 Bd8 18. exd5 exd5 19. Nxd5 cxd5 20. Bxd5 Bc7 21. Bxb7 Rb8 22. Bxa6 Rxb4 23. Be3 Ne7 24. O-O-O Nf5 25. Rhe1 O-O 26. Bd2 Rxd4 27. b4 Rb8 28. Bc3 1-0


[Site "https://www.chess.com"]

[Event "Titled Tuesday Blitz January 03 Late 2023"]
[White "Sargsyan, Anna M."]
[Black "Kamsky, Gata"]
[WhiteFideId "13308130"]
[BlackFideId "2000024"]
[WhiteElo "2375"]
[BlackElo "2665"]
[Result "0-1"]
[Round "05"]
[TimeControl "180+2"]
[Date "2023.01.03"]
[WhiteClock "0:00:04"]
[BlackClock "0:00:38"]

1. d4 Nf6 2. c4 g6 3. g3 Bg7 4. Bg2 O-O 5. Nc3 d6 6. Nf3 Nbd7 7. O-O e5 8. e4 Re8 9. h3 a6 10. Re1 c6 11. Be3 b5 12. cxb5 axb5 13. a3 Bb7 14. Qd2 Qe7 15. Rad1 exd4 16. Nxd4 Ne5 17. Qc1 Nc4 18. Bf4 Rac8 19. b3 Ne5 20. a4 b4 21. Nb1 Ba6 22. Qc2 Nfd7 23. Nf3 c5 24. Qd2 Nd3 25. Re3 Nxf4 26. gxf4 Bh6 27. Qxd6 Qxd6 28. Rxd6 Nb8 29. Ng5 c4 30. bxc4 Rxc4 31. Nd2 Rc1+ 32. Kh2 Bf8 33. Rb6 Bc5 34. Rf6 Bxe3 35. fxe3 Rc2 36. Ngf3 Re6 37. Rxe6 fxe6 38. Kg3 Nc6 39. Nb3 Rc3 40. Nfd2 e5 41. Kf2 Kg7 42. Bf3 Kf6 43. Bg4 Bd3 44. a5 Bc2 45. Nc1 b3 46. Ne2 Rc5 47. a6 b2 0-1


[Site "https://www.chess.com"]

[Event "Titled Tuesday Blitz January 03 Late 2023"]
[White "Baskakov, Egor"]
[Black "Rosen, Eric"]
[WhiteFideId "24197866"]
[BlackFideId "2032562"]
[WhiteElo "2215"]
[BlackElo "2349"]
[Result "1-0"]
[Round "05"]
[TimeControl "180+2"]
[Date "2023.01.03"]
[WhiteClock "0:00:12"]
[BlackClock "0:00:01"]

1. e4 c5 2. Nf3 e6 3. Be2 Nc6 4. c4 Nf6 5. Nc3 Qb6 6. O-O d6 7. Re1 Be7 8. Rb1 O-O 9. d3 a6 10. Be3 Re8 11. h3 Nd4 12. b4 Nxe2+ 13. Qxe2 Qc7 14. e5 Nd7 15. exd6 Bxd6 16. bxc5 Bxc5 17. Ne4 Be7 18. a4 b6 19. Qb2 Rb8 20. Bd4 f6 21. Bc3 Bb7 22. Nd4 Bf8 23. Nb3 e5 24. a5 Ba8 25. axb6 Qxb6 26. Qa2 Qe6 27. Nbd2 Nc5 28. Nxc5 Bxc5 29. Ne4 Bxe4 30. dxe4 Rbc8 31. Rbc1 h5 32. Red1 Rc6 33. Rd5 Rec8 34. Qe2 Qf7 35. Qd3 Kh7 36. Bd2 Bd4 37. g3 Qg6 38. Kg2 h4 39. g4 Rb8 40. Be3 Bxe3 41. Qxe3 Rb2 42. Rc3 Qf7 43. Qf3 Rb4 44. c5 Rb5 45. Qe3 Qg6 46. Rd6 Rc7 47. c6 Rb4 48. Kf3 Rc8 49. c7 Rb7 50. Rd7 Qe8 51. Qd3 Qe6 52. Qd5 Qxd5 53. exd5 a5 54. d6 a4 55. Rd8 Rb4 56. Rxc8 Rf4+ 57. Kg2 Rd4 58. Rh8+ Kxh8 59. c8=Q+ Kh7 60. Qf5+ g6 61. Qxf6 Kh6 62. Qxh4+ Kg7 63. Qe7+ Kh6 64. Qxe5 Rd1 65. h4 g5 66. h5 Rg1+ 67. Kxg1 1-0


[Site "https://www.chess.com"]

[Event "Titled Tuesday Blitz January 03 Late 2023"]
[White "Mosadeghpour, Masoud"]
[Black "Denishev, Marat"]
[WhiteFideId "12519278"]
[BlackFideId "24131563"]
[WhiteElo "2472"]
[BlackElo "2255"]
[Result "1-0"]
[Round "05"]
[TimeControl "180+2"]
[Date "2023.01.03"]
[WhiteClock "0:01:24"]
[BlackClock "0:00:01"]

1. e4 c5 2. d4 cxd4 3. c3 d3 4. Bxd3 g6 5. Nf3 Bg7 6. O-O d6 7. Qe2 Nf6 8. Rd1 Qc7 9. Na3 a6 10. Nc4 b5 11. Ne3 Bb7 12. a4 bxa4 13. Rxa4 O-O 14. Nc4 Nbd7 15. e5 dxe5 16. Ncxe5 Nc5 17. Rc4 Bd5 18. Rd4 Nxd3 19. R1xd3 e6 20. c4 Bxf3 21. Nxf3 Nd5 22. Rh4 Nb4 23. Rd1 Rfd8 24. Bd2 Nd3 25. b3 Rab8 26. Bg5 f6 27. Rxd3 fxg5 28. Qxe6+ Qf7 29. Qxf7+ Kxf7 30. Nxg5+ Kg8 31. Rxd8+ Rxd8 32. g3 Bf6 33. f4 Rd3 34. Rxh7 Bxg5 35. Ra7 Bf6 36. Rxa6 Kf7 37. b4 Rc3 38. Rc6 Rc2 39. b5 Bd4+ 40. Kf1 Rxh2 41. b6 Rb2 42. c5 Rb5 43. Rc7+ Ke6 44. b7 Kd5 45. c6 Kd6 46. Rc8 Rb1+ 47. Ke2 Ba7 48. Kf3 Rb3+ 49. Kg4 Rb2 50. Kg5 Rb3 51. g4 Rb4 52. Ra8 Be3 53. b8=Q+ 1-0


[Site "https://www.chess.com"]

[Event "Titled Tuesday Blitz January 03 Late 2023"]
[White "Martynov, Pavel"]
[Black "Mahdavi, Reza"]
[WhiteFideId "4101260"]
[BlackFideId "12595926"]
[WhiteElo "2414"]
[BlackElo "2339"]
[Result "0-1"]
[Round "05"]
[TimeControl "180+2"]
[Date "2023.01.03"]
[WhiteClock "0:00:13"]
[BlackClock "0:01:31"]

1. e4 c5 2. Nf3 e6 3. Nc3 Nc6 4. g3 d5 5. exd5 exd5 6. d4 cxd4 7. Nxd4 Nf6 8. Bg2 Bg4 9. f3 Bd7 10. O-O Be7 11. Kh1 O-O 12. Bg5 h6 13. Be3 Re8 14. f4 Bg4 15. Qd2 Na5 16. b3 Rc8 17. a3 Qd7 18. Bf2 Bh3 19. Nf3 Bxg2+ 20. Kxg2 Qc6 21. Ne2 Qxc2 22. Qxa5 Qxe2 23. Qxa7 Bc5 24. Qxb7 Ng4 25. Rae1 Ne3+ 26. Kh3 Qxf3 27. Bxe3 Qh5+ 28. Kg2 Bxe3 29. Rxe3 Rc2+ 30. Rf2 Rxf2+ 31. Kxf2 Qxh2+ 32. Kf1 Qh3+ 33. Kf2 Rxe3 34. Qb8+ Kh7 35. Kxe3 Qxg3+ 36. Kd4 h5 37. a4 h4 38. a5 h3 39. a6 h2 40. a7 Qf2+ 41. Ke5 Qe3+ 42. Kd6 h1=Q 43. a8=Q Qh6+ 44. Kxd5 Qhe6# 0-1


[Site "https://www.chess.com"]

[Event "Titled Tuesday Blitz January 03 Late 2023"]
[White "Girel, Joseph"]
[Black "Chor, Kevin"]
[WhiteFideId "36033561"]
[BlackFideId "2090740"]
[WhiteElo "2395"]
[BlackElo "1944"]
[Result "1/2-1/2"]
[Round "05"]
[TimeControl "180+2"]
[Date "2023.01.03"]
[WhiteClock "0:01:30"]
[BlackClock "0:00:52"]

1. e4 c5 2. Nf3 g6 3. c4 Bg7 4. d4 cxd4 5. Nxd4 Nf6 6. Nc3 O-O 7. Be3 Nc6 8. Be2 d6 9. O-O Bd7 10. h3 Nxd4 11. Bxd4 Bc6 12. Qc2 a5 13. Rad1 Qc7 14. Nd5 Bxd5 15. exd5 Rfe8 16. Qc3 e5 17. dxe6 Rxe6 18. Bf3 Rae8 19. Qb3 Ne4 20. Bxg7 Kxg7 21. Rd4 Nc5 22. Qc3 Kg8 23. h4 h5 24. Rd5 Re5 25. Rfd1 Rxd5 26. Bxd5 Re5 27. f4 Ne4 28. Qd4 Ng3 29. Kh2 Nf5 30. Qf2 Re3 31. Re1 Qe7 32. Rxe3 Nxe3 33. Bf3 Nxc4 34. Qa7 Qxh4+ 35. Kg1 Qe1+ 36. Kh2 Qh4+ 37. Kg1 Qe1+ 38. Kh2 Qh4+ 1/2-1/2


[Site "https://www.chess.com"]

[Event "Titled Tuesday Blitz January 03 Late 2023"]
[White "Klose, Eli"]
[Black "Rustemov, Alexander"]
[WhiteFideId "16242955"]
[BlackFideId "4119002"]
[WhiteElo "1519"]
[BlackElo "2525"]
[Result "0-1"]
[Round "05"]
[TimeControl "180+2"]
[Date "2023.01.03"]
[WhiteClock "0:00:09"]
[BlackClock "0:00:06"]

1. e4 e6 2. Nc3 d5 3. d4 dxe4 4. Nxe4 Bd7 5. Bd3 Bc6 6. Nf3 Nd7 7. Ne5 Nxe5 8. dxe5 Qd4 9. Bf4 O-O-O 10. Qe2 Ne7 11. Bg3 Ng6 12. f4 h5 13. h4 Qxb2 14. O-O Be7 15. Qf2 Qd4 16. Ng5 Qxf2+ 17. Kxf2 Bc5+ 18. Ke2 Be8 19. Rab1 Ne7 20. Ne4 Bb6 21. c4 Nf5 22. Be1 Nd4+ 23. Kd2 Bc6 24. Kc3 Ba5+ 25. Kb2 Bxe1 26. Rbxe1 Nf5 27. Kc3 Nxh4 28. Ng5 Rd7 29. g3 Nf5 30. Bxf5 exf5 31. e6 fxe6 32. Rxe6 Rhd8 33. Re3 b6 34. Rfe1 Kb7 35. R1e2 g6 36. Re7 Rd3+ 37. Kb2 Rxg3 38. Rg7 Rgd3 39. Ree7 Rd2+ 40. Kc1 Rd1+ 41. Kb2 R8d7 42. Rxd7 Rxd7 43. Rxg6 Rd4 44. Rg7 Rxc4 45. Rh7 Rxf4 46. Ne6 Rf2+ 47. Kc3 Ka6 48. Nxc7+ Ka5 49. Ne6 a6 50. Nd4 Be4 51. Rxh5 b5 52. Nb3+ Ka4 53. Rh6 b4+ 54. Kd4 Kb5 55. Rf6 a5 56. Nc5 Rd2+ 57. Ke3 Rxa2 58. Nxe4 fxe4 59. Kxe4 Ka4 60. Kd3 Ra3+ 61. Kc2 Rc3+ 62. Kb2 Rh3 63. Rf2 Rh5 64. Rg2 Kb5 65. Rf2 a4 66. Ka2 a3 67. Rf8 Rh2+ 68. Ka1 Ka4 69. Rf3 Rh1+ 70. Ka2 b3+ 71. Rxb3 Rh2+ 72. Rb2 axb2 73. Kb1 Rh3 74. Ka2 Kb4 75. Kb1 Rh2 76. Ka2 Kc3 77. Kb1 Kd3 78. Ka2 Kc2 79. Ka3 b1=Q 80. Ka4 Kc3 81. Ka5 Ra2# 0-1


[Site "https://www.chess.com"]

[Event "Titled Tuesday Blitz January 03 Late 2023"]
[White "Suder, Jakub"]
[Black "Dimitrov, Atanas"]
[WhiteFideId "1195310"]
[BlackFideId "2901315"]
[WhiteElo "2244"]
[BlackElo "2269"]
[Result "1-0"]
[Round "05"]
[TimeControl "180+2"]
[Date "2023.01.03"]
[WhiteClock "0:00:22"]
[BlackClock "0:00:03"]

1. d4 Nf6 2. c4 g6 3. Nc3 d5 4. cxd5 Nxd5 5. e4 Nxc3 6. bxc3 Bg7 7. Bc4 O-O 8. Ne2 c5 9. Be3 cxd4 10. cxd4 a6 11. h4 h5 12. Rc1 b5 13. Bb3 Bb7 14. f3 Nc6 15. Kf2 Rc8 16. Qd2 Qa5 17. Qxa5 Nxa5 18. d5 Nxb3 19. axb3 e6 20. dxe6 fxe6 21. Bd4 Bh6 22. Be3 Bg7 23. Bd4 Rxc1 24. Rxc1 Bxe4 25. Bxg7 Kxg7 26. Rc7+ Kg8 27. b4 Bd5 28. Ke3 Ra8 29. Nf4 a5 30. bxa5 Rxa5 31. Nxg6 b4 32. Ne7+ Kf8 33. Nxd5 Rxd5 34. Rb7 Re5+ 35. Kf4 Rf5+ 36. Kg3 Ra5 37. Rxb4 Kf7 38. Rf4+ Kg6 39. Re4 Kf6 40. Rb4 Rc5 41. Kf4 Rd5 42. g3 Ra5 43. g4 Rd5 44. Re4 Ra5 45. g5+ Kf7 46. Rb4 Ra1 47. Rb7+ Kg6 48. Re7 Re1 49. Kg3 Re2 50. Ra7 Re1 51. Ra5 Rg1+ 52. Kf4 Rh1 53. Kg3 Rg1+ 54. Kh2 Re1 55. Kg2 Re2+ 56. Kg3 Re1 57. Ra8 Rg1+ 58. Kh2 Re1 59. Rf8 e5 60. Rf6+ Kg7 61. Kg2 Re2+ 62. Kg3 Re3 63. Kf2 Ra3 64. Rh6 Ra2+ 65. Kg3 Ra3 66. Kf2 Ra2+ 67. Ke3 Ra3+ 68. Ke4 Ra4+ 69. Kxe5 Rxh4 70. f4 Rh1 71. Kf5 Rh2 72. Ra6 Rh1 73. Ra7+ Kf8 74. Kg6 h4 75. f5 Ke8 76. Rh7 h3 77. f6 h2 78. Rh8+ Kd7 79. f7 Rf1 80. Rxh2 Ke7 81. Re2+ 1-0


[Site "https://www.chess.com"]

[Event "Titled Tuesday Blitz January 03 Late 2023"]
[White "Papasimakopoulos, Alexandros"]
[Black "Martinez Reyes, Pedro Ramon"]
[WhiteFideId "4244125"]
[BlackFideId "3901807"]
[WhiteElo "2401"]
[BlackElo "2376"]
[Result "1-0"]
[Round "05"]
[TimeControl "180+2"]
[Date "2023.01.03"]
[WhiteClock "0:01:38"]
[BlackClock "0:00:26"]

1. d4 Nf6 2. c4 d6 3. Nc3 Nbd7 4. Nf3 e5 5. Bg5 Be7 6. e3 O-O 7. Be2 Re8 8. O-O h6 9. Bh4 exd4 10. exd4 Nf8 11. h3 Ng6 12. Bg3 Nh5 13. Bh2 Nhf4 14. Re1 Nxe2+ 15. Qxe2 Bd7 16. Qd3 Bf8 17. Rxe8 Qxe8 18. Nd5 Qd8 19. Re1 Ne7 20. Ne3 a6 21. b4 Bc6 22. d5 Bd7 23. Nd4 a5 24. b5 b6 25. Nc6 Nxc6 26. bxc6 Bc8 27. Nc2 Ba6 28. Nd4 Qh4 29. Bg3 Qf6 30. a4 g6 31. Nb5 Bxb5 32. cxb5 Bg7 33. Kh2 h5 34. h4 Bh6 35. Qe4 Bf8 36. f3 Qc3 37. Re2 Qb4 38. Be1 Qxe4 39. Rxe4 f5 40. Re6 Kf7 41. g4 fxg4 42. fxg4 Re8 43. Rxe8 Kxe8 44. gxh5 gxh5 45. Kg3 Be7 46. Kf4 Kf7 47. Kf5 Bd8 48. Bf2 Kg7 49. Ke6 Kg6 50. Kd7 1-0


[Site "https://www.chess.com"]

[Event "Titled Tuesday Blitz January 03 Late 2023"]
[White "Nazari, Arad"]
[Black "Al-Tarboush, Ward"]
[WhiteFideId "12577324"]
[BlackFideId "7601450"]
[WhiteElo "2367"]
[BlackElo "2256"]
[Result "0-1"]
[Round "05"]
[TimeControl "180+2"]
[Date "2023.01.03"]
[WhiteClock "0:00:03"]
[BlackClock "0:00:11"]

1. e4 c5 2. Nf3 Nc6 3. Bb5 e6 4. O-O Nge7 5. d4 cxd4 6. Nxd4 Ng6 7. b3 Bc5 8. Nxc6 dxc6 9. Bd3 e5 10. Be3 Bxe3 11. fxe3 O-O 12. Nd2 Qg5 13. Qe2 Bg4 14. Nf3 Qh5 15. Qf2 Rad8 16. Qg3 Kh8 17. a4 a5 18. Rf2 f6 19. Raf1 Rd6 20. h3 Bxf3 21. Rxf3 Rfd8 22. Kh2 Qh4 23. Qxh4 Nxh4 24. R3f2 Ng6 25. g4 h6 26. Kg3 Nf8 27. h4 Ne6 28. Bc4 b6 29. g5 fxg5 30. Bxe6 gxh4+ 31. Kxh4 Rxe6 32. Rf7 Rg6 33. Rf8+ Rxf8 34. Rxf8+ Kh7 35. Re8 Rg2 36. c3 g5+ 37. Kh5 Rh2+ 38. Kg4 Kg7 39. Re6 Rg2+ 40. Kf5 Rf2+ 41. Kg4 Rb2 42. Rxc6 Rxb3 43. Kf5 Rb1 44. Rc7+ Kf8 45. Kxe5 g4 46. Kf4 h5 47. e5 Rf1+ 48. Kg3 Rf3+ 49. Kh4 Rxe3 50. Kxh5 g3 51. Rc8+ Kf7 52. Rc7+ Kf8 53. Rc8+ Kf7 54. Rc7+ Ke6 55. Rc6+ Kf5 56. Rg6 Rxe5 0-1


[Site "https://www.chess.com"]

[Event "Titled Tuesday Blitz January 03 Late 2023"]
[White "Chen, Justin"]
[Black "Senthil, Maran K"]
[WhiteFideId "2098199"]
[BlackFideId "25035681"]
[WhiteElo "2333"]
[BlackElo "2209"]
[Result "1-0"]
[Round "05"]
[TimeControl "180+2"]
[Date "2023.01.03"]
[WhiteClock "0:01:18"]
[BlackClock "0:00:03"]

1. e4 c5 2. Nc3 g6 3. g3 Bg7 4. Bg2 Nc6 5. d3 Rb8 6. Be3 d6 7. Qd2 b5 8. a3 a5 9. Nge2 b4 10. axb4 axb4 11. Nd1 Nd4 12. O-O Nf6 13. Nxd4 cxd4 14. Bxd4 O-O 15. h3 Qc7 16. Kh2 e5 17. Be3 Be6 18. f4 exf4 19. gxf4 Rfc8 20. Rf2 Nh5 21. Bf3 f5 22. Bxh5 gxh5 23. Rg2 Kh8 24. Qf2 Bf6 25. Bd4 Rf8 26. Ra7 Rb7 27. Bxf6+ Rxf6 28. Qd4 1-0


[Site "https://www.chess.com"]

[Event "Titled Tuesday Blitz January 03 Late 2023"]
[White "Goncalves, Davi Sulzbacher"]
[Black "Jaferian, Koosha"]
[WhiteFideId "2154510"]
[BlackFideId "12507440"]
[WhiteElo "2282"]
[BlackElo "2233"]
[Result "0-1"]
[Round "05"]
[TimeControl "180+2"]
[Date "2023.01.03"]
[WhiteClock "0:00:03"]
[BlackClock "0:00:49"]

1. Nf3 c5 2. g3 g6 3. Bg2 Bg7 4. O-O Nc6 5. c4 e5 6. Nc3 d6 7. d3 Be6 8. Ng5 Bd7 9. f4 h6 10. Nxf7 Kxf7 11. fxe5+ Ke8 12. exd6 Nf6 13. Nd5 Nxd5 14. Bxd5 Rf8 15. Bf4 g5 16. e4 Qf6 17. Qh5+ Kd8 18. e5 Nxe5 19. Bxe5 Qxe5 20. Qg6 Bf5 21. Rxf5 Rxf5 22. Bxb7 Rb8 23. Bc6 Rxb2 24. d7 Re2 25. Qe8+ Qxe8 26. dxe8=Q+ Rxe8 27. Bxe8 Bxa1 0-1


[Site "https://www.chess.com"]

[Event "Titled Tuesday Blitz January 03 Late 2023"]
[White "Kanakaris, Georgios"]
[Black "Adewumi, Tanitoluwa"]
[WhiteFideId "4209460"]
[BlackFideId "30966396"]
[WhiteElo "2391"]
[BlackElo "2283"]
[Result "1-0"]
[Round "05"]
[TimeControl "180+2"]
[Date "2023.01.03"]
[WhiteClock "0:00:38"]
[BlackClock "0:00:04"]

1. d4 Nf6 2. Nf3 e6 3. g3 c5 4. Bg2 Nc6 5. O-O d5 6. c4 dxc4 7. dxc5 Qxd1 8. Rxd1 Bxc5 9. Nbd2 c3 10. bxc3 Ke7 11. Nb3 Bd6 12. Ne1 e5 13. c4 Be6 14. c5 Bc7 15. Bb2 Rhd8 16. Nd3 Bd5 17. f3 g6 18. Rab1 e4 19. Bxf6+ Kxf6 20. fxe4 Bc4 21. Nf4 Bxf4 22. gxf4 Bxe2 23. Rd6+ Ke7 24. e5 Rac8 25. Nd2 Ba6 26. Ne4 Nd4 27. Kf2 Ne6 28. Bh3 Rxd6 29. cxd6+ Kd7 30. Nf6+ Kd8 31. Bxe6 fxe6 32. Rb2 Rc4 33. Kg3 h6 34. Ng4 g5 35. fxg5 hxg5 36. Rf2 Rc3+ 37. Kg2 Bd3 38. Rf8+ Kd7 39. Nf6+ Kc6 40. Rc8+ Kb6 41. Rxc3 1-0


[Site "https://www.chess.com"]

[Event "Titled Tuesday Blitz January 03 Late 2023"]
[White "Goltsev, Dmitry"]
[Black "Sreyas Payyappat"]
[WhiteFideId "24176710"]
[BlackFideId "46674969"]
[WhiteElo "2269"]
[BlackElo "2076"]
[Result "1-0"]
[Round "05"]
[TimeControl "180+2"]
[Date "2023.01.03"]
[WhiteClock "0:01:48"]
[BlackClock "0:01:19"]

1. e4 c6 2. d4 d5 3. Nc3 dxe4 4. Nxe4 Nf6 5. Nxf6+ exf6 6. Nf3 Bd6 7. Bd3 O-O 8. O-O Bg4 9. h3 Bh5 10. c3 Nd7 11. Re1 Qc7 12. Be3 Rfe8 13. Qc2 h6 14. g4 Bg6 15. Bxg6 fxg6 16. Qxg6 Nf8 17. Qd3 Ne6 18. Nh4 Bf4 19. Ng6 Bxe3 20. Rxe3 Nf4 21. Nxf4 Qxf4 22. Rae1 Rxe3 23. Qxe3 Qxe3 24. Rxe3 Kf7 25. f4 a5 26. Kf2 a4 27. Ke2 a3 28. b4 b6 29. Kd3 c5 30. bxc5 bxc5 31. dxc5 Rb8 32. Re2 Rb5 33. c6 Rc5 34. Re4 Rxc6 35. Ra4 Rd6+ 36. Kc2 Re6 37. Ra7+ Kf8 38. Rxa3 Re3 39. Ra4 Rxh3 40. f5 h5 41. gxh5 Rxh5 42. Rf4 Ke7 43. a4 Kd6 44. a5 Ke5 45. Rb4 Rh2+ 46. Kb3 Rh1 47. a6 Rh8 48. a7 Ra8 49. Rb5+ Kd6 50. Ra5 Kc6 51. Kc4 Kb6 52. Ra1 Kc6 53. Kd4 Rd8+ 54. Ke4 Ra8 55. c4 Kc5 56. Ra4 Kc6 57. Kf4 Kd6 58. Ra5 Kc6 59. Kg4 Kb6 60. Ra4 Kc5 61. Kh5 Kd4 62. Kg6 Ke4 63. Ra5 Kd4 64. c5 Ke5 65. c6+ Kd6 66. Ra6 Kc7 67. Kxg7 1-0


[Site "https://www.chess.com"]

[Event "Titled Tuesday Blitz January 03 Late 2023"]
[White "Skvortsov, Andrei"]
[Black "Stachanczyk, Jacek"]
[WhiteFideId "24108600"]
[BlackFideId "1116657"]
[WhiteElo "2313"]
[BlackElo "2147"]
[Result "1-0"]
[Round "05"]
[TimeControl "180+2"]
[Date "2023.01.03"]
[WhiteClock "0:00:19"]
[BlackClock "0:00:17"]

1. e4 c5 2. Ne2 Nc6 3. Nbc3 Nf6 4. d4 cxd4 5. Nxd4 d6 6. Bg5 e6 7. Qd3 a6 8. f4 Bd7 9. O-O-O b5 10. Nf3 Qc7 11. Kb1 b4 12. Ne2 d5 13. Bxf6 dxe4 14. Qxd7+ Qxd7 15. Rxd7 Kxd7 16. Ne5+ Nxe5 17. Bxe5 f6 18. Bd4 Bd6 19. g3 Rae8 20. Nc1 e5 21. fxe5 Bxe5 22. Be3 Ra8 23. Nb3 a5 24. Nc5+ Kc6 25. Nxe4 Rhe8 26. Bg2 Kb5 27. Bc1 Rad8 28. Bf1+ Kc6 29. Bd3 Bd4 30. Nd2 g6 31. Nf3 Bb6 32. h4 f5 33. h5 a4 34. b3 axb3 35. axb3 Rd7 36. hxg6 hxg6 37. Bb2 Re6 38. Ne5+ Kd6 39. Nxd7 Kxd7 40. Bc1 Kc6 41. Bd2 Bc5 42. Re1 Kb6 43. Rxe6+ 1-0


[Site "https://www.chess.com"]

[Event "Titled Tuesday Blitz January 03 Late 2023"]
[White "Leiva, Gianmarco"]
[Black "Fernandez, Maria Florencia"]
[WhiteFideId "3804399"]
[BlackFideId "116459"]
[WhiteElo "2392"]
[BlackElo "2129"]
[Result "0-1"]
[Round "05"]
[TimeControl "180+2"]
[Date "2023.01.03"]
[WhiteClock "0:00:04"]
[BlackClock "0:00:06"]

1. e4 d6 2. d4 Nf6 3. Bd3 g6 4. Nf3 Bg7 5. O-O O-O 6. c3 Nbd7 7. Re1 e5 8. Na3 c6 9. Bg5 h6 10. Bh4 g5 11. Bg3 Nh5 12. Nxe5 Nxe5 13. dxe5 Nxg3 14. hxg3 Bxe5 15. Nc4 Bg7 16. Bc2 d5 17. exd5 Qxd5 18. Qxd5 cxd5 19. Nd6 Be6 20. Rad1 Rfd8 21. Nb5 Rd7 22. Rd2 a6 23. Nd4 Rd6 24. Bb3 Rad8 25. Red1 Bf6 26. f3 Kg7 27. Kf2 Bc8 28. Bc2 Rb6 29. Bb1 a5 30. Ne2 Rbd6 31. Bc2 b5 32. Bb3 a4 33. Rxd5 Rxd5 34. Bxd5 Be6 35. c4 bxc4 36. Bxe6 Rxd1 37. Bxc4 Rd2 38. Bb5 Rxb2 39. Bxa4 Rxa2 40. Bb3 Rb2 41. Bc4 Bd4+ 42. Ke1 Be3 43. Bd3 Ra2 44. Kd1 Rd2+ 45. Ke1 Rxd3 46. g4 Ra3 47. Ng3 Ra1+ 48. Ke2 Bf4 49. Nf5+ Kg6 50. Ne7+ Kf6 51. Nd5+ Ke5 52. Nb4 Rb1 53. Nd3+ Kd4 54. g3 Bxg3 55. Kd2 Bf4+ 56. Kc2 Rf1 57. Nb4 Rxf3 58. Nc6+ Ke3 59. Ne7 Rf2+ 60. Kc3 Kf3 61. Kd3 Kxg4 62. Nd5 Rd2+ 63. Ke4 Rxd5 0-1


[Site "https://www.chess.com"]

[Event "Titled Tuesday Blitz January 03 Late 2023"]
[White "Sanchez, Robert"]
[Black "Rostomyan, Mikayel"]
[WhiteFideId "2034360"]
[BlackFideId "13313754"]
[WhiteElo "1966"]
[BlackElo "2222"]
[Result "1-0"]
[Round "05"]
[TimeControl "180+2"]
[Date "2023.01.03"]
[WhiteClock "0:00:04"]
[BlackClock "0:00:05"]

1. e4 c6 2. d4 d5 3. exd5 cxd5 4. Nf3 Nc6 5. Bf4 Bg4 6. Be2 e6 7. O-O Bd6 8. Bg5 Nge7 9. c3 h6 10. Bh4 f5 11. h3 Bxf3 12. Bxf3 Qc7 13. Bxe7 Qxe7 14. Re1 O-O-O 15. Bxd5 Bh2+ 16. Kxh2 Qd6+ 17. Kg1 Qxd5 18. Nd2 e5 19. Qh5 exd4 20. cxd4 g6 21. Qe2 Nxd4 22. Qe7 Kb8 23. Rac1 Rc8 24. Nb3 Nxb3 25. axb3 Qxb3 26. Qd6+ Ka8 27. Qxg6 Qxb2 28. Rxc8+ Rxc8 29. Qxf5 Qc3 30. Re3 Qc1+ 31. Kh2 Qc7+ 32. g3 a6 33. Re6 Qc2 34. Qf3 Ka7 35. Rxh6 Qc5 36. Rh7 Qb6 37. Rf7 Rc2 38. h4 a5 39. h5 a4 40. Rf6 Qc5 41. h6 a3 42. Rf5 Qb6 43. Qxa3+ Qa6 44. Qxa6+ Kxa6 45. h7 Rc8 46. Rh5 Rh8 47. g4 b5 48. g5 b4 49. g6 b3 50. Kg3 b2 51. Rh1 Rc8 52. Rb1 Rc3+ 53. Kg4 Rc4+ 54. f4 Rc5 55. h8=Q 1-0


[Site "https://www.chess.com"]

[Event "Titled Tuesday Blitz January 03 Late 2023"]
[White "Paspuel, Trosky"]
[Black "Volkov, Maksim"]
[WhiteFideId "3602150"]
[BlackFideId "54123070"]
[WhiteElo "1721"]
[BlackElo "2258"]
[Result "1-0"]
[Round "05"]
[TimeControl "180+2"]
[Date "2023.01.03"]
[WhiteClock "0:01:30"]
[BlackClock "0:00:47"]

1. c4 e6 2. Nc3 d5 3. d4 c6 4. e3 Nf6 5. Nf3 Nbd7 6. Qc2 Bd6 7. g4 h6 8. Rg1 e5 9. cxd5 cxd5 10. Nb5 Bb8 11. g5 hxg5 12. Nxg5 a6 13. Ne6 axb5 14. Nxd8 Kxd8 15. Bxb5 exd4 16. exd4 g6 17. Bg5 Bxh2 18. Bxd7 Kxd7 19. Bxf6 Re8+ 20. Kf1 Ke6 21. Be5 Bxg1 22. Kxg1 f6 23. Bg3 Kf7 24. Qb3 Rd8 25. Rc1 g5 26. Rc7+ Kg6 27. Qb4 Bf5 28. Qe7 Rf8 29. Qh7# 1-0


[Site "https://www.chess.com"]

[Event "Titled Tuesday Blitz January 03 Late 2023"]
[White "Tregubov, Pavel V."]
[Black "Pino Perez, Lazaro"]
[WhiteFideId "4115341"]
[BlackFideId "3517055"]
[WhiteElo "2553"]
[BlackElo "2142"]
[Result "1-0"]
[Round "05"]
[TimeControl "180+2"]
[Date "2023.01.03"]
[WhiteClock "0:00:47"]
[BlackClock "0:00:07"]

1. e4 c5 2. Nf3 g6 3. c3 Bg7 4. d4 cxd4 5. cxd4 d5 6. e5 Bg4 7. Bb5+ Nc6 8. Nbd2 Nh6 9. h3 Bxf3 10. Bxc6+ bxc6 11. Nxf3 O-O 12. O-O f6 13. Bf4 Nf7 14. exf6 exf6 15. Rc1 Qb6 16. Qc2 Rac8 17. Rfe1 Rfd8 18. Re6 Re8 19. Rxe8+ Rxe8 20. Qxc6 Qxc6 21. Rxc6 Re2 22. Rc8+ Bf8 23. Bc1 Nd6 24. Ra8 Rc2 25. Bh6 Nc8 26. Bxf8 Kxf8 27. Kf1 Ke7 28. Ne1 Rc1 29. Ke2 Kd8 30. Rb8 Rc4 31. Rb7 Rxd4 32. Rxh7 Ne7 33. Nf3 Rb4 34. b3 Rb6 35. Kd3 Ra6 36. a4 Rb6 37. Nd4 Kd7 38. h4 1-0


[Site "https://www.chess.com"]